 Dungeon Crawl Stone Soup version 0.20-a0-736-gd3249da (webtiles) character file.

210 M4edhros the Covert (level 5, -8/33 HPs)
             Began as an Octopode Artificer on Feb 23, 2017.
             Killed by nerve-wracking pain
             ... invoked by an orc priest
              (14 damage)
             ... on level 4 of the Dungeon.
             The game lasted 00:01:09 (1309 turns).

M4edhros the Covert (Octopode Artificer)            Turns: 1309, Time: 00:01:10

Health: -8/33      AC:  1    Str: 11    XL:     5   Next: 87%
Magic:  7/7        EV: 13    Int: 14    God:
Gold:   52         SH:  0    Dex: 13    Spells: 4/4 levels left

rFire    . . .     SeeInvis .   a - +0 short sword
rCold    . . .     Gourm    .   (no shield)
rNeg     . . .     Faith    .   (helmet restricted)
rPois    .         Spirit   .   (no amulet)
rElec    .         Reflect  .   (no ring)
rCorr    .         Harm     .   (no ring)
MR       .....                  (no ring)
Stlth    +++++.....             (no ring)
Regen    0.2/turn               (no ring)
MPRegen  0.1/turn               (no ring)
                                (no ring)
                                (no ring)

@: no status effects
A: almost no armour, stealthy swim, amphibious, 8 rings, constrict 8, camouflage
1, gelatinous body 1
a: no special abilities


You were on level 4 of the Dungeon.
You were very hungry.

You visited 1 branch of the dungeon, and saw 4 of its levels.

You collected 52 gold pieces.

Inventory:

Hand Weapons
 a - a +0 short sword (weapon)
Wands
 b - a wand of flame (12/48)
 c - a wand of enslavement (8/24)
 d - a wand of random effects (15/48)
Scrolls
 e - a scroll of noise {unknown}
 g - a scroll of teleportation {unknown}
 h - a scroll of recharging {unknown}
 k - a scroll of random uselessness {unknown}
Comestibles
 f - 2 bread rations
 i - a royal jelly
 l - a meat ration


   Skills:
 - Level 1.0 Fighting
 - Level 1.0 Short Blades
 - Level 2.0 Dodging
 + Level 8.1 Stealth
 - Level 3.2 Evocations


You had 4 spell levels left.
You didn't know any spells.

Dungeon Overview and Level Annotations

Branches:
Dungeon (4/15)
 Temple: D:4-7

Altars:
Nemelex Xobeh


Innate Abilities, Weirdness & Mutations

You cannot wear most types of armour.
You are very stealthy in the water. (Stealth+)
You are amphibious.
You can wear up to eight rings at the same time.
You can use your tentacles to constrict eight enemies at once.
Your skin changes colour to match your surroundings (Stealth+).
Your rubbery body absorbs attacks. (AC +1, EV +1)


Message History

The orc misses you. The orc hits you but does no damage. x2
The orc misses you.
Evoke which item? (* to show all) (? for menu, Esc to quit)
Aiming: Enslavement
Press: ? - help, Shift-Dir - straight line, f - orc priest
Aim: an orc priest, wielding a mace (heavily wounded, chance to defeat MR: 55%)
The orc priest resists with significant effort.
This wand has 9 charges left.
You constrict the orc.
You kill the orc!
The orc priest closely misses you. The orc misses you.
The orc barely misses you. x2
Evoke which item? (* to show all) (? for menu, Esc to quit)
Aiming: Enslavement
Press: ? - help, Shift-Dir - straight line, f - orc priest
Aim: an orc priest, wielding a mace (heavily wounded, chance to defeat MR: 55%)
The orc priest resists with significant effort.
This wand has 8 charges left.
The orc priest mumbles some strange prayers to Beogh against you.
Pain shoots through your body!
You die...

#... ... ... #.# #+## #
#.# #...## # #.###
##.....## # #...##
##.......#
#######....####.oo......
..............'.@)......
########...####.oo......
# #..## ##......<# #
#.## ##.....## #.#
#...... #.# #.###. #.#
.# .#


You could see an orc priest and 3 orcs.

Vanquished Creatures
  A scorpion (D:3)
  A quasit (D:4)
  A hound (D:2)
  A centaur skeleton (D:4)
  2 worker ants (D:4)
  A dart slug (D:4)
  3 leopard geckos
  An orc (D:4)
  A bat (D:3)
  2 goblins
  A hobgoblin (D:1)
  3 jackals (D:3)
  A frilled lizard (D:3)
  A rat (D:1)
20 creatures vanquished.

Vanquished Creatures (collateral kills)
  An orc (D:4)
1 creature vanquished.

Grand Total: 21 creatures vanquished

Notes
Turn   | Place    | Note
-------+----------+-------------------------------------------
     0 | D:1      | M4edhros the Octopode Artificer began the quest for the Orb.
     0 | D:1      | Reached XP level 1. HP: 13/13 MP: 3/3
   116 | D:1      | Reached skill level 2 in Stealth
   146 | D:1      | Reached XP level 2. HP: 6/18 MP: 4/4
   147 | D:1      | Reached skill level 3 in Stealth
   518 | D:3      | Noticed a scorpion
   528 | D:3      | Killed a scorpion
   528 | D:3      | Reached skill level 5 in Stealth
   528 | D:3      | Reached XP level 3. HP: 11/23 MP: 5/5
   528 | D:3      | Reached XP level 4. HP: 13/28 MP: 6/6
   541 | D:2      | Reached skill level 6 in Stealth
   886 | D:4      | Found a sparkling altar of Nemelex Xobeh.
   890 | D:4      | Reached XP level 5. HP: 33/33 MP: 7/7
   911 | D:4      | Reached skill level 7 in Stealth
  1257 | D:4      | Reached skill level 8 in Stealth
  1309 | D:4      | Killed from afar by an orc priest

Vault maps used:
D:1:      dpeg_arrival_arbitrary_c, serial_co_window_serial, co_window_corner_a,
          co_window_cross_1, co_window_paths_a, co_window_paths_b,
          co_window_corner_a, co_window_of_opportunity_c, co_window_corner_b,
          co_window_broadway_c, co_window_cross_4, co_window_paths_e,
          glass_columns_c, glass_columns_b, glass_columns_a
D:2:      kennysheep_six_static_rooms, cheibriados_altar_1,
          nicolae_overflow_crystal_walls
D:3:      eino_tiny_chamber
D:4:      nemelex_xobeh_ov_fountains_minmay, serial_shops,
          nicolae_shop_temple_entry_statues_fountains, first_bread

Skill      XL: |  1  2  3  4  5 |
---------------+----------------+-----
Stealth        | 2 5 6 8 |  8.1
Fighting       | |  1.0
Short Blades   | |  1.0
Dodging        | |  2.0
Evocations     | |  3.2

Action                   |  1- 3 |  4- 6 || total
-------------------------+-------+-------++-------
Melee: Short sword       |    15 |    29 ||    44
       Constrict         |     6 |     9 ||    15
       Tentacles         |     3 |     9 ||    12
Evoke: Wand              |     2 |     8 ||    10
  Use: Potion            |       |     2 ||     2
 Stab: Sleeping          |     1 |     3 ||     4
Armor: Skin              |     1 |     2 ||     3
Dodge: Dodged            |    12 |    36 ||    48
